 Dungeon Crawl Stone Soup version 0.29.1-1-gd02db6906a (webtiles) character file.

Game seed: 4366710341713685049

126 Senryu the Shooter (level 4, -2/37 HPs)
             Began as a Draconian Hunter on Oct 7, 2022.
             Slain by a river rat (5 damage)
             ... in a sewer.
             The game lasted 00:05:44 (1394 turns).

Senryu the Shooter (Draconian Hunter)               Turns: 1394, Time: 00:05:45

Health: -2/37      AC:  5    Str: 13    XL:     4   Next: 84%
Magic:  5/5        EV:  9    Int: 11    God:
Gold:   77         SH:  0    Dex: 15    Spells: 5/5 levels left

rFire   . . .      SeeInvis .   a - +1 shortbow
rCold   . . .      Faith    .   (shield currently unavailable)
rNeg    . . .      Spirit   .   (body armour unavailable)
rPois   .          Reflect  .   (helmet restricted)
rElec   .          Harm     .   (no cloak)
rCorr   .          Rampage  .   (no gloves)
Will    .....                   (no boots)
Stlth   ++........              (no amulet)
HPRegen 0.12/turn               (no ring)
MPRegen 0.09/turn               (no ring)

@: constricted
A: AC +5, unfitting armour, cold-blooded
a: no special abilities


You were in a sewer.
You visited 1 branch of the dungeon, and saw 3 of its levels.
You also visited: Sewer.

You collected 77 gold pieces.

Inventory:

Hand Weapons
 a - a +1 shortbow (weapon)
 c - a +0 long sword
Scrolls
 b - 4 scrolls of immolation
 e - a scroll of teleportation


   Skills:
 * Level 2.6 Fighting
 * Level 1.0 Long Blades
 * Level 4.8 Ranged Weapons
 * Level 2.1 Dodging
 * Level 1.4 Stealth
 * Level 1.1 Spellcasting


You had 5 spell levels left.
You didn't know any spells.
Your spell library contained the following spells:

 Spells                   Type           Power      Damage    Failure   Level
 Apportation              Tloc           0%         N/A       32%         1
 Alistair's Intoxication  Tmut/Pois      0%         N/A       100%        5


Dungeon Overview and Level Annotations

Branches:
Dungeon (3/15)              Sewer (1/1)

Altars:
Uskayaw


Innate Abilities, Weirdness & Mutations

Your plain brown scales are hard. (AC +5)
You cannot fit into any form of body armour.
You are cold-blooded and may be slowed by cold attacks.


Message History

Fire: a) +1 shortbow
Press: ? - help, Q - select action Shift-Dir - straight line, f - ball python
Aim: a ball python (constricting you, 60% to hit)
You shoot an arrow.
The arrow barely misses the ball python.
The jackal closely misses you.
The jackal bites you but does no damage.
The ball python bites you. The ball python constricts you.
The jackal bites you. x2; The river rat bites you.
Fire: a) +1 shortbow
Press: ? - help, Q - select action Shift-Dir - straight line, f/p - ball python
Aim: a ball python (constricting you, 60% to hit)
You shoot an arrow. The arrow hits the ball python.
The ball python is moderately wounded.
The jackal bites you. x2; The ball python bites you.
The ball python constricts you. The river rat bites you. The jackal bites you.
The jackal closely misses you. The ball python bites you.
* * * LOW HITPOINT WARNING * * *
The ball python constricts you.
Fire: a) +1 shortbow
Press: ? - help, Q - select action Shift-Dir - straight line, f/p - ball python
Aim: a ball python (moderately wounded, constricting you, 60% to hit)
You shoot an arrow. The arrow hits the ball python.
The ball python is heavily wounded.
The jackal bites you but does no damage.
The jackal bites you.
* * * LOW HITPOINT WARNING * * *
The river rat bites you.
* * * LOW HITPOINT WARNING * * *
The ball python bites you but does no damage.
The ball python constricts you. The jackal barely misses you.
As you read the scroll labelled DIABRI SOIKLER, it crumbles to dust.
It is a scroll of identify.
You don't have any unidentified items.
The jackal bites you but does no damage.
The ball python bites you but does no damage.
The ball python constricts you.
* * * LOW HITPOINT WARNING * * *
The river rat bites you.
You die...

####### ≈≈≈≈≈≈≈≈≈≈
≈≈≈≈≈≈≈≈≈≈ ≈.~~~≈≈≈~~
###~..~~.~≈~#
#S@....##~≈~#
#..hhr~####.≈.#######
#...w### #~≈~~.~.~~~
#...... #.≈~≈≈≈≈≈≈≈
##..... #~≈~~~~~~..
###.!.. #~≈~#######
##### #.≈~# ####
#.≈~# #...
#~≈~#####÷'


You could see a worm, a river rat, 2 jackals and a ball python.

Vanquished Creatures
  5 adders
  4 river rats (Sewer)
  2 worms
  6 ball pythons
  5 bats (Sewer)
  2 endoplasms (D:3)
  3 giant cockroaches
  A hobgoblin (D:3)
  2 jackals (Sewer)
  3 quokkas (Sewer)
  3 kobolds (D:3)
  6 rats (D:3)
42 creatures vanquished.

Notes
Turn   | Place    | Note
-------+----------+-------------------------------------------
     0 | D:1      | Senryu the Draconian Hunter began the quest for the Orb.
     0 | D:1      | Reached XP level 1. HP: 17/17 MP: 1/1
   151 | D:3      | Reached skill level 1 in Stealth
   162 | D:3      | Reached skill level 4 in Ranged Weapons
   162 | D:3      | Reached XP level 2. HP: 19/24 MP: 2/2
   477 | D:3      | Found a hide-covered altar of Uskayaw.
   512 | D:3      | Reached XP level 3. HP: 28/30 MP: 3/3
   534 | D:3      | Found a glowing drain.
   541 | Sewer    | Entered a sewer
   764 | Sewer    | Reached XP level 4. HP: 15/37 MP: 5/5
   774 | Sewer    | Reached skill level 1 in Spellcasting
  1360 | Sewer    | Reached skill level 1 in Long Blades
  1394 | Sewer    | Slain by a river rat

Illustrated notes

Levels and vault maps discovered:
D:1:      matt_arrival_grand_opening, layout_basic,
          hellmonk_ecumenical_altar_crossroads, serial_shops, shop
D:2:      layout_loops_ring, uniq_sigmund, uniq_terence
D:3:      layout_loops_corners, general_overflow_altar, lemuel_doored_altar,
          portal_sewer_entry_e, kennysheep_generic_room_2
Sewer:    sewer_fruit_machine

Skill      XL: |  1  2  3  4 |
---------------+-------------+-----
Stealth        | 1 |  1.4
Ranged Weapons | 4 |  4.8
Dodging        | 2 |  2.1
Spellcasting   | 1 |  1.1
Long Blades    | 1 |  1.0
Fighting       | |  2.6

Action                   |  1- 3 |  4- 6 || total
-------------------------+-------+-------++-------
 Fire: Shortbow          |    87 |    49 ||   136
  Use: Scroll            |     2 |     2 ||     4
       Potion            |       |     1 ||     1
Armor: Skin              |    18 |    25 ||    43
Dodge: Dodged            |    47 |    47 ||    94
